 Dungeon Crawl Stone Soup version 0.27.1-34-g3ba077fa99 (webtiles) character file.

Game seed: 11794060083410526602

3938 Cykl0x the Conjurer (level 10, 0/56 HPs)
             Began as a Gargoyle Conjurer on Jan 22, 2022.
             Was a Believer of the Shining One.
             Slain by a komodo dragon (10 damage)
             ... on level 8 of the Dungeon.
             The game lasted 00:19:13 (8854 turns).

Cykl0x the Conjurer (Gargoyle Conjurer)             Turns: 8854, Time: 00:19:14

Health: 0/56       AC: 21    Str: 15    XL:     10   Next: 21%
Magic:  16/17      EV:  6    Int: 18    God:    the Shining One [**....]
Gold:   377        SH:  3    Dex:  8    Spells: 11/18 levels left

rFire    . . .     SeeInvis .   x - +2 scimitar (flame)
rCold    + . .     Faith    .   p - +0 buckler
rNeg     + + .     Spirit   .   h - +4 chain mail {Will+}
rPois    ∞         Reflect  .   (no helmet)
rElec    +         Harm     .   (no cloak)
rCorr    .         Rampage  .   (no gloves)
Will     +....                  (no boots)
Stlth    ..........             q - amulet of regeneration
HPRegen  1.18/turn              j - ring of protection from cold
MPRegen  0.15/turn              (no ring)

@: glowing
A: sickness immunity, AC +7, negative energy resistance 1, electricity
resistance, torment resistance 1, petrification resistance
a: Renounce Religion, Divine Shield


You were on level 8 of the Dungeon.
You worshipped the Shining One.
The Shining One was pleased with you.
You visited 1 branch of the dungeon, and saw 8 of its levels.

You collected 377 gold pieces.

Inventory:

Hand Weapons
 c - a +3 scimitar
 f - a +0 dagger of venom
 m - the +7 short sword "Ozxaol" {vorpal, Dex+2}
   (You found it on level 4 of the Dungeon)

   It inflicts extra damage upon your enemies.
   Dex:       It affects your dexterity (+2).
 x - a +2 scimitar of flaming (weapon)
Missiles
 s - 7 poisoned darts
Armour
 a - a +0 robe
 b - a +0 ring mail
 h - a +4 chain mail of willpower (worn)
 n - a +2 leather armour of poison resistance
 p - a +0 buckler (worn)
Jewellery
 j - a ring of protection from cold (left hand)
 q - an amulet of regeneration (around neck)
 w - a ring of willpower
Wands
 r - a wand of flame (18)
 t - a wand of mindburst (10)
Scrolls
 o - 2 scrolls of teleportation
 u - 2 scrolls of identify
Potions
 d - 4 potions of brilliance
 e - a potion of heal wounds
 g - a potion of curing
 i - 2 potions of attraction
 k - 3 potions of flight
 l - a potion of invisibility {unknown}
 v - a potion of haste {unknown}


   Skills:
 + Level 3.8 Fighting
 + Level 6.3 Long Blades
 + Level 6.1 Armour
 + Level 2.6 Dodging
 - Level 2.1 Stealth
 + Level 1.3 Shields
 - Level 0.3 Unarmed Combat
 + Level 4.9 Spellcasting
 + Level 7.0 Conjurations
 * Level 4.8 Hexes
 + Level 4.6 Invocations


You had 11 spell levels left.
You knew the following spells:

 Your Spells              Type           Power      Damage    Failure   Level
a - Magic Dart            Conj           100%       1d8       17%         1
b - Searing Ray           Conj           58%        3d5       26%         2
c - Fulminant Prism       Conj/Hex       12%        3d9       95%         4

Your spell library contained the following spells:

 Spells                   Type           Power      Damage    Failure   Level
 Dazzling Flash           Conj/Hex       50%        N/A       63%         3
 Animate Skeleton         Necr           8%         N/A       97%         1
 Pain                     Necr           16%        1d4       97%         1
 Vampiric Draining        Necr           2%         2d6       100%        3
 Animate Armour           Summ/Erth      8%         N/A       100%        4
 Iskenderun's Mystic Bla  Conj/Tloc      17%        2d5       100%        4
 Blade Hands              Tmut           2%         N/A       100%        5
 Iron Shot                Conj/Erth      8%         9d3       100%        6


Dungeon Overview and Level Annotations

Branches:
Dungeon (8/15)             Temple (0/1) D:4
   Lair: D:8-11

Altars:
Nemelex Xobeh
Uskayaw
Vehumet
Wu Jian
The Shining One

Shops:
D:2 [

Annotations:
D:4 2 runed translucent doors, strmdvr's ghost, novice FoFi
D:7 4 runed translucent doors


Innate Abilities, Weirdness & Mutations

You are immune to sickness and miasma.
Your stone body is resilient. (AC +7)
You are immune to poison.
You resist negative energy. (rN+)
You are resistant to electric shocks. (rElec)
You are resistant to unholy torment.
You are immune to petrification.


Message History

The komodo dragon closely misses you.
You barely miss the komodo dragon.
The komodo dragon is lightly wounded.
The komodo dragon bites you!
You hit the komodo dragon but do no damage.
The komodo dragon is lightly wounded.
The komodo dragon bites you!
The komodo dragon bites you but does no damage.
You hit the komodo dragon but do no damage.
The komodo dragon is lightly wounded.
The komodo dragon hisses menacingly.
You block the komodo dragon's attack.
You slash the komodo dragon! You burn the komodo dragon.
The komodo dragon is heavily wounded.
The komodo dragon bites you!
You are too injured to fight recklessly!
You are too injured to fight recklessly!
You are too injured to fight recklessly!
You are too injured to fight recklessly!
A komodo dragon is nearby!
You slash the komodo dragon! You burn the komodo dragon.
The komodo dragon is severely wounded.
You block the komodo dragon's attack.
Your magical contamination has completely faded away.
You slash the komodo dragon! You burn the komodo dragon.
The komodo dragon is almost dead.
The komodo dragon bites you but does no damage.
You hit the komodo dragon but do no damage.
The komodo dragon is almost dead.
The komodo dragon bites you.
You hit the komodo dragon. You burn the komodo dragon.
The komodo dragon is almost dead.
The komodo dragon bites you!
* * * LOW HITPOINT WARNING * * *
You hit the komodo dragon but do no damage.
The komodo dragon is almost dead.
The komodo dragon bites you.
* * * LOW HITPOINT WARNING * * *
The komodo dragon bites you!
You die...

....# ###... # #..... ..
##.... ...##....##
#........#
..........###........#
..........# .........
##.@..###......# ##
#.l##..##......#...#
#.#..#...........#....
.........###.....#....
#...#....##....## ....
......###....#....##....
....#.....##......#.....
....###..##.............
.....#.............


You could see a komodo dragon.

Vanquished Creatures
  Erica (D:8)
  Pikel (D:4)
  Prince Ribbit (D:5)
  Grinder (D:5)
  Eustachio (D:4)
  2 ice beasts (D:7)
  2 orc warriors
  2 black bears
  A sky beast (D:6)
  2 ogres
  A centaur (D:7)
  A lemure (D:4)
  A phantom (D:7)
  2 scorpions
  Blork the orc (D:4)
  A water moccasin zombie (D:6)
  5 wights (D:7)
  2 bullfrog zombies
  5 hounds
  A centaur skeleton (D:7)
  2 jellies
  An orc priest (D:6)
  6 iguanas
  Terence (D:2)
  8 orc wizards
  A killer bee zombie (D:6)
  2 hound skeletons
  7 adders
  2 shadow imps
  An ufetubus (D:5)
  An adder skeleton (D:4)
  2 dart slugs
  11 orcs
  5 endoplasms
  2 giant cockroaches
  5 goblins
  5 hobgoblins
  2 quokkas
  5 ball pythons
  4 bats
  4 frilled lizards
  7 kobolds
  6 rats
  A spectral kobold (D:1)
125 creatures vanquished.

Notes
Turn   | Place    | Note
-------+----------+-------------------------------------------
     0 | D:1      | Cykl0x the Gargoyle Conjurer began the quest for the Orb.
     0 | D:1      | Reached XP level 1. HP: 10/10 MP: 3/3
   205 | D:1      | Found a faded altar of an unknown god.
   208 | D:1      | Reached XP level 2. HP: 12/15 MP: 5/5
   289 | D:1      | Learned a level 2 spell: Searing Ray
  1517 | D:2      | Reached skill level 1 in Armour
  1546 | D:2      | Found Tiva's Antique Armour Emporium.
  1547 | D:2      | You fall into a shaft and drop 2 floors!
  1575 | D:4      | Found a sparkling altar of Nemelex Xobeh.
  1626 | D:3      | Noticed a scorpion
  1630 | D:3      | Reached XP level 3. HP: 16/19 MP: 6/6
  1633 | D:3      | Killed a scorpion
  1634 | D:3      | Reached skill level 1 in Fighting
  1634 | D:3      | Reached skill level 1 in Long Blades
  1634 | D:3      | Reached XP level 4. HP: 22/25 MP: 1/7
  1792 | D:2      | Noticed Terence
  1800 | D:2      | Killed Terence
  2420 | D:3      | Reached XP level 5. HP: 29/29 MP: 5/8
  3267 | D:3      | Learned a level 4 spell: Fulminant Prism
  3591 | D:4      | Found a radiant altar of Vehumet.
  3591 | D:4      | Found a glowing golden altar of the Shining One.
  3594 | D:4      | Became a worshipper of the Shining One
  3624 | D:4      | Found a hide-covered altar of Uskayaw.
  3636 | D:4      | Reached XP level 6. HP: 28/35 MP: 3/9
  3710 | D:4      | Noticed Blork the orc
  3719 | D:4      | Killed Blork the orc
  3720 | D:4      | Reached skill level 5 in Conjurations
  3878 | D:4      | Reached skill level 1 in Hexes
  3878 | D:4      | Reached skill level 1 in Invocations
  3912 | D:4      | Found a runed translucent door.
  3931 | D:4      | Noticed strmdvr's ghost (novice FoFi)
  4087 | D:4      | Noticed a black bear
  4097 | D:4      | Killed a black bear
  4098 | D:4      | Reached XP level 7. HP: 18/40 MP: 5/10
  4310 | D:4      | Noticed Pikel
  4326 | D:4      | Killed Pikel
  4327 | D:4      | Reached XP level 8. HP: 43/45 MP: 1/12
  4507 | D:4      | Found a staircase to the Ecumenical Temple.
  4567 | D:4      | Found a runed translucent door.
  4668 | D:4      | Identified the +7 short sword "Ozxaol" {vorpal, Dex+2}
  4699 | D:4      | Noticed Eustachio
  4721 | D:4      | Killed Eustachio
  5080 | D:5      | Entered Level 5 of the Dungeon
  5179 | D:5      | Found an ornate altar of the Wu Jian Council.
  5356 | D:5      | Noticed Grinder
  5369 | D:5      | Killed Grinder
  5369 | D:5      | Reached * piety under the Shining One
  5466 | D:5      | Reached skill level 5 in Armour
  6171 | D:5      | Noticed Prince Ribbit
  6190 | D:5      | Killed Prince Ribbit
  6191 | D:5      | Reached skill level 5 in Long Blades
  6191 | D:5      | Reached XP level 9. HP: 43/51 MP: 4/14
  6845 | D:6      | Reached skill level 1 in Shields
  6935 | D:6      | Reached skill level 6 in Conjurations
  7718 | D:7      | Identified the +5 whip of Somewhere Else {vamp, Str+2
                  | Stlth+}
  7877 | D:7      | Found a huge runed translucent gate.
  7877 | D:7      | Found a huge runed translucent gate.
  7877 | D:7      | Found a huge runed translucent gate.
  7877 | D:7      | Found a huge runed translucent gate.
  7877 | D:7      | Noticed a death yak
  7877 | D:7      | Reached ** piety under the Shining One
  7877 | D:7      | Noticed a polar bear
  7878 | D:7      | Noticed a polar bear
  7878 | D:7      | Noticed a death yak
  7940 | D:7      | Noticed a polar bear
  8612 | D:8      | Reached XP level 10. HP: 38/56 MP: 6/16
  8737 | D:8      | Noticed Erica
  8751 | D:8      | Killed Erica
  8752 | D:8      | Reached skill level 7 in Conjurations
  8854 | D:8      | Slain by a komodo dragon

Illustrated notes

Levels and vault maps discovered:
D:1:      arrival_zaba_pyramid, layout_loops_ring,
          dreamdust_ecumenical_altar_drowned_temple
D:2:      layout_basic, serial_shops, shop, uniq_terence
D:3:      layout_loops_ring
D:4:      layout_basic, kennysheep_little_box, lemuel_doored_altar,
          gammafunk_temple_overflow_elements, minmay_temple_entry_glass,
          ebering_ghost_sewer_f, serial_forest, infiniplex_forest_lined_ring,
          infiniplex_forest_straight_2, infiniplex_forest_zigzag_2,
          infiniplex_forest_lined_2, infiniplex_forest_straight_4,
          uniq_eustachio, uniq_blork_the_orc, uniq_pikel
D:5:      layout_basic, general_overflow_altar, uniq_grinder,
          uniq_prince_ribbit1, uniq_crazy_yiuf_cottage
D:6:      minmay_flawed_box, layout_loops_cross,
          eino_small_chamber_without_monster
D:7:      lemuel_bear_cage, layout_loops_ring
D:8:      layout_cave_pools, lair_entry_dummy, serial_glass, glass_columns_a,
          glass_columns_c, grunt_decor_mini_mirrors, hangedman_incinerator,
          uniq_erica

Skill      XL: |  1  2  3  4  5  6  7  8  9 10 |
---------------+-------------------------------+-----
Armour         | 1 2 3 4 5 6 |  6.1
Fighting       | 1 2 3 |  3.8
Long Blades    | 1 2 3 5 6 |  6.3
Dodging        | 2 |  2.6
Conjurations   | 5 6 7 |  7.0
Hexes          | 1 2 3 4 |  4.8
Invocations    | 1 2 4 |  4.6
Spellcasting   | 3 4 |  4.9
Shields        | 1 |  1.3
Stealth        | |  2.1
Unarmed Combat | |  0.3

Action                   |  1- 3 |  4- 6 |  7- 9 | 10-12 || total
-------------------------+-------+-------+-------+-------++-------
Melee: Scimitar          |    27 |    64 |   110 |    24 ||   225
       Unarmed           |     3 |       |       |       ||     3
 Cast: Magic Dart        |    20 |    22 |    62 |     3 ||   107
       Searing Ray       |     1 |    14 |    25 |     2 ||    42
  Use: Scroll            |       |     1 |     8 |       ||     9
Armor: Ring mail         |    22 |    49 |    14 |       ||    85
       Robe              |     7 |       |       |       ||     7
       Chain mail        |       |       |    96 |    17 ||   113
Dodge: Dodged            |    38 |    46 |    57 |     3 ||   144
Block: Buckler           |       |       |    16 |     4 ||    20
       Rpst.: Scimitar   |    13 |     8 |    20 |       ||    41
